 Dungeon Crawl Stone Soup version 0.31-a0-234-gad7ace16ef (webtiles) character file.

Game seed: 5768927995861269113

173 Nattfarinn the Stinger (level 5, -3/35 HPs)
             Began as a Demonspawn Venom Mage on July 10, 2023.
             Slain by an ogre
             ... wielding a +0 giant club
              (11 damage)
             ... on level 3 of the Dungeon.
             The game lasted 00:06:25 (3656 turns).

Nattfarinn the Stinger (Demonspawn Venom Mage)      Turns: 3656, Time: 00:06:26

Health: -3/35      AC:  7    Str: 14    XL:     5   Next: 28%
Magic:  10/10      EV: 12    Int: 19    God:
Gold:   101        SH:  0    Dex: 13    Spells: 3/10 levels left

rFire   . . .        c - +2 dagger (venom)
rCold   . . .        (no shield)
rNeg    . . .        a - +0 robe
rPois   .            (no helmet)
rElec   .            (no cloak)
rCorr   .            u - +2 pair of gloves
SInv    .            (no boots)
Will    .....        (no amulet)
Stlth   ++           l - ring of flight
HPRegen 0.25/turn    n - +6 ring of strength
MPRegen 0.12/turn

%: no passive effects
@: mighty, flying
A: thin metallic scales 1, powered by death 1, powered by pain 1
a: no special abilities


You were on level 3 of the Dungeon.
You visited 1 branch of the dungeon, and saw 4 of its levels.

You collected 101 gold pieces.

Inventory:

Hand Weapons
 c - a +2 dagger of venom (weapon)
 v - the +2 dagger "Eduerh Mosh" {heavy, rElec rF+}
   (You found it on level 2 of the Dungeon)

   rF:        It protects you from fire.
   rElec:     It insulates you from electricity.
Armour
 a - a +0 robe (worn)
 u - a +2 pair of gloves (worn)
Jewellery
 l - a ring of flight (left hand)
 n - a +6 ring of strength (right hand)
 p - a ring of poison resistance
Scrolls
 f - 2 scrolls of identify
 m - 3 scrolls of enchant armour
 o - a scroll of acquirement {unknown}
 r - a scroll of amnesia
 s - a scroll of silence {unknown}
Potions
 b - 2 potions of magic
 d - a potion of curing {unknown}
 e - a potion of cancellation {unknown}
 g - a potion of resistance {unknown}
 h - a potion of heal wounds {unknown}
 j - a potion of degeneration {unknown}
 k - a potion of mutation {unknown}
 q - 2 potions of berserk rage {unknown}
 t - a potion of brilliance {unknown}


   Skills:
 - Level 1.7 Dodging
 - Level 1.7 Stealth
 + Level 3.3 Spellcasting
 - Level 0.8 Transmutations
 * Level 5.2 Poison Magic


You had 3 spell levels left.
You knew the following spells:

 Your Spells              Type           Power      Damage    Failure   Level
a - Sting                 Tmut/Pois      56%        1d5       4%          1
b - Olgreb's Toxic Radia  Pois           23%        N/A       17%         4
c - Poisonous Vapours     Pois/Air       26%        N/A       8%          2

Your spell library contained the following spells:

 Spells                   Type           Power      Damage    Failure   Level
 Beastly Appendage        Tmut           12%        N/A       11%         1
 Spider Form              Tmut/Pois      14%        N/A       13%         3
 Summon Small Mammal      Summ           12%        N/A       14%         1
 Wereblood                Tmut           6%         N/A       16%         2
 Mephitic Cloud           Conj/Pois/Air  9%         N/A       22%         3
 Call Canine Familiar     Summ           3%         N/A       41%         3
 Summon Guardian Golem    Hex/Summ       3%         N/A       41%         3
 Vhi's Electric Charge    Tloc/Air       6%         N/A       41%         3
 Arcjolt                  Conj/Air       1%         1d11      99%         5
 Freezing Cloud           Conj/Ice/Air   1%         6-21      99%         5
 Plasma Beam              Fire/Air       1%         2x1d11    100%        6


Dungeon Overview and Level Annotations

Branches:
Dungeon (4/15)
 Temple: D:4-7

Altars:
Makhleb

Annotations:
D:3 3 runed translucent doors, Opifex's ghost, amateur HOMo


Innate Abilities, Weirdness & Mutations

You are partially covered in thin metallic scales. (AC +2)
You regenerate a little health from kills.
You sometimes gain a little power by taking damage.


Message History

There is an open door here.
There is a stone staircase leading down here.
You fly downwards.
Found a ring mail.
There is a stone staircase leading up here.
Casting: Sting (safe; 4% risk of failure)
Confirm with . or Enter, or press ? or * to list all spells.
The spell is quite dangerous to miscast (17% risk of failure)!
Continue anyway?
Okay, then.
The ogre shouts!
You fly upwards.
Level annotation: 3 runed translucent doors, Opifex's ghost, amateur HOMo
There is a stone staircase leading down here.
Memorise Poisonous Vapours, consuming 2 spell levels and leaving 3?
You start memorising the spell.
You continue memorising. x2
You finish memorising.
Spell assigned to 'c'.
You fly downwards.
The ogre hits you with a +0 giant club!
There is a stone staircase leading up here.
The ogre closely misses you.
You fly upwards.
Level annotation: 3 runed translucent doors, Opifex's ghost, amateur HOMo
There is a stone staircase leading down here.
As you read the scroll labelled XUKITE LEHOID, it crumbles to dust.
It is a scroll of identify.
m - 3 scrolls of enchant armour The ogre closely misses you.
As you read the scroll labelled FERGHI HUULEG, it crumbles to dust.
It is a scroll of amnesia.
Really abort (and waste the scroll)?
Okay, then.
You barely miss the ogre. You punch the ogre.
The ogre is lightly wounded.
The ogre hits you with a +0 giant club!!
Ouch! That really hurt!
* * * LOW HITPOINT WARNING * * *
You focus on the pain.
You feel very mighty all of a sudden.
As you read the scroll labelled VOVULUMPOFRU, it dissolves into smoke.
It was a scroll of fog.
The ogre hits you with a +0 giant club!
You die...

#...# #...# #.#.# #...#
#...# #.#.# #...## ##...#
#.#.# #...8#####8...# #.#.#
#.............# #.#.#
#.............#########.#.#
#.............#.........#.#
#######'#################.##
#...§O@§§............#
######################


You could see an ogre.

Vanquished Creatures
  An orc priest (D:3)
  4 gnolls (D:3)
  2 worms (D:2)
  2 dart slugs (D:1)
  4 orcs (D:3)
  10 ball pythons
  8 bats
  10 endoplasms
  2 giant cockroaches (D:3)
  9 goblins
  6 hobgoblins
  7 jackals (D:2)
  3 quokkas
  6 frilled lizards (D:1)
  3 kobolds
  6 rats
83 creatures vanquished.

Notes
Turn   | Place    | Note
-------+----------+-------------------------------------------
     0 | D:1      | Nattfarinn the Demonspawn Venom Mage began the quest for
                  | the Orb.
     0 | D:1      | Reached XP level 1. HP: 13/13 MP: 3/3
   170 | D:1      | Gained mutation: You sometimes gain a little power by
                  | taking damage. [demonic ancestry]
   170 | D:1      | Reached XP level 2. HP: 19/19 MP: 0/5
   696 | D:1      | Gained mutation: You are partially covered in thin metallic
                  | scales. (AC +2) [demonic ancestry]
   696 | D:1      | Reached XP level 3. HP: 24/24 MP: 3/6
   898 | D:1      | Reached skill level 4 in Poison Magic
  1203 | D:2      | Identified the +2 dagger "Eduerh Mosh" {heavy, rElec rF+}
  1380 | D:2      | Found a burning altar of Makhleb.
  1646 | D:2      | Gained mutation: You regenerate a little health from kills.
                  | [demonic ancestry]
  1646 | D:2      | Reached XP level 4. HP: 25/30 MP: 4/8
  1759 | D:2      | Learned a level 4 spell: Olgreb's Toxic Radiance
  1771 | D:2      | Found a faded altar of an unknown god.
  2214 | D:3      | Found a runed translucent gate.
  2215 | D:3      | Found a runed translucent gate.
  2215 | D:3      | Found a runed translucent gate.
  2218 | D:3      | Noticed Opifex's ghost (amateur HOMo)
  2221 | D:3      | Noticed an ogre
  2575 | D:3      | Reached skill level 5 in Poison Magic
  2578 | D:3      | Reached XP level 5. HP: 35/35 MP: 1/9
  3309 | D:4      | Noticed a phantom
  3643 | D:4      | Noticed an ogre
  3649 | D:3      | Learned a level 2 spell: Poisonous Vapours
  3656 | D:3      | Slain by an ogre

Illustrated notes

Levels and vault maps discovered:
D:1:      dpeg_arrival_shrine, layout_rooms, hangedman_decor_lopped,
          minmay_surrounded
D:2:      layout_basic, basic_altar, shapermc_ecumenical_altar_mp_urbaneastern,
          nicolae_houndstooth_variations
D:3:      layout_basic, gammafunk_ghost_split, kennysheep_path_1
D:4:      layout_basic, overflow_temple_1_default,
          minmay_temple_entry_glassed_door

Skill      XL: |  1  2  3  4 |
---------------+-------------+-----
Poison Magic   | 4 5 |  5.2
Spellcasting   | 3 |  3.3
Dodging        | |  1.7
Stealth        | |  1.7
Transmutations | |  0.8

Action                     |  1- 3 |  4- 6 || total
---------------------------+-------+-------++-------
  Melee: Dagger            |    60 |    38 ||    98
         Punch             |       |     1 ||     1
   Cast: Sting             |    82 |    32 ||   114
         Olgreb's Toxic Ra |       |     4 ||     4
    Use: Scroll            |       |     3 ||     3
   Stab: Sleeping          |       |     1 ||     1
 Armour: Robe              |    31 |    10 ||    41
  Dodge: Dodged            |    54 |    30 ||    84

Table legend: (Time is in decaauts)
 A = Elapsed time spent in this place.
 B = Non-inter-level travel time spent in this place.
 C = Inter-level travel time spent in this place.
 D = Time resting spent in this place.
 E = Time spent auto-exploring this place.
 F = Levels seen in this place.
 G = Mean time per level.
                   A        B        C        D        E       F      G
               +--------+--------+--------+--------+--------+-----+--------+
         Total |   3657 |   3259 |    398 |      0 |   2769 |   4 |  914.2 |
       Dungeon |   3657 |   3259 |    398 |      0 |   2769 |   4 |  914.2 |
               +--------+--------+--------+--------+--------+-----+--------+

Top non-repeatable levels by time:
     D:3: 1481 daAuts
     D:1: 1097 daAuts
     D:2: 1059 daAuts
     D:4: 19 daAuts
